[Event "FRA-ch Youth 2017"]
[Site "Belfort"]
[Date "2017.04.22"]
[Round "8"]
[White "Papadiamandis, Elliot"]
[Black "Emmenecker, Pierre-Antoine"]
[Result "1/2-1/2"]
[ECO "C55"]
[WhiteElo "1944"]
[BlackElo "1737"]
[Annotator "NA"]
[PlyCount "103"]
[EventDate "2017.??.??"]
[EventCountry "FRA"]
[SourceTitle "playchess.com"]
[Source "ChessBase"]
[SourceQuality "1"]
[TimeControl "5400+30"]

1. e4 e5 2. Nf3 Nc6 3. Bc4 Nf6 4. d3 h6 5. c3 d6 6. Bb3 g6 {[%emt 0:01:26] LiveBook: 77 Games} 7. Nbd2 Bg7 8. O-O O-O 9. Re1 Re8 10. Nf1 {[%emt 0:03:04] C55: Two Knights: 4 d3, 4 d4 exd4 5 e5 and Max Lange Attack} Be6 11. Ng3 a5 $146 (11... d5 12. Ba4 Nd7 13. b4 dxe4 14. dxe4 a5 15. b5 Na7 16. Qe2 Nb6 17. Bb3 Qd7 18. Bxe6 Qxe6 {0-1 (79) Pridorozhni,A (2524)-Melkumyan,H (2628) Plovdiv 2012}) 12. h3 Bxb3 13. Qxb3 a4 14. Qd1 d5 15. Qe2 Qd7 16. Nh2 b5 17. Qf3 Kh7 18. Ng4 Nxg4 19. hxg4 d4 20. Ne2 {[%emt 0:14:49] [#]} Re7 ({Black should play} 20... a3 $1 $17 ) 21. g3 Rd8 22. Rd1 Qe6 23. Kg2 (23. g5 $11) 23... Red7 24. g5 h5 25. Bd2 Bf8 26. Rac1 Be7 27. c4 b4 28. Rh1 Kg7 29. Rh4 Rh8 30. Ng1 Rdd8 31. Qd1 Ra8 32. f4 Bc5 ({Black should play} 32... f6 $11) 33. Qf3 f5 34. gxf6+ Qxf6 35. fxe5 Nxe5 36. Qe2 $1 Raf8 37. Rf4 Qe6 38. Nh3 Be7 39. Rcf1 Rf6 40. Rxf6 Bxf6 41. Bxb4 Qb6 42. a3 $11 Ng4 43. Rf3 c5 44. Bd2 Ne5 45. Rf1 Qb3 46. Nf4 Re8 47. Nd5 Re6 48. Nf4 Re8 49. Qf2 Ng4 50. Qe2 Ne5 51. Qf2 Ng4 52. Qe2 1/2-1/2

[Event "FRA-ch Youth 2017"]
[Site "Belfort"]
[Date "2017.04.22"]
[Round "8"]
[White "Roux, Baptiste"]
[Black "Meillon, Judicael"]
[Result "0-1"]
[ECO "B50"]
[WhiteElo "1934"]
[BlackElo "1884"]
[Annotator "NA"]
[PlyCount "112"]
[EventDate "2017.??.??"]
[EventCountry "FRA"]
[SourceTitle "playchess.com"]
[Source "ChessBase"]
[SourceQuality "1"]
[TimeControl "5400+30"]

1. e4 c5 2. Nf3 d6 3. c3 Nf6 4. h3 Nc6 5. d4 cxd4 6. cxd4 Nxe4 {[%emt 0:01:59] B50: Sicilian: 2...d6, Miscellaneous} 7. d5 Qa5+ 8. Nc3 Nxc3 9. bxc3 Ne5 10. Nxe5 (10. Qb3 Nd7 11. Be3 Qc7 12. Be2 Nf6 13. Bd4 g6 14. Bb5+ {½-½ (31) Okhotnik,V (2467)-Koepke,C (2404) Austria 2012}) 10... dxe5 11. Rb1 a6 $146 (11... Qxc3+ 12. Bd2 Qc7 13. Qb3 a6 14. Be2 {½-½ (66) Vujovic,M (2270)-Boehm,R Genova 1998}) 12. Be2 g6 13. O-O Bg7 14. d6 exd6 15. Qxd6 Qd8 16. Qa3 Qe7 17. Bf3 Qxa3 18. Bxa3 Bf8 19. Bxf8 ({Reject} 19. Bxb7 Bxb7 20. Bxf8 Bxg2 $15) 19... Kxf8 20. Bxb7 Bxb7 21. Rxb7 Kg7 22. Rd1 Rhd8 23. Rxd8 Rxd8 24. g3 Rd6 25. Rb2 Kf6 26. c4 $11 Ke6 27. a4 Rc6 28. Kf1 Kd6 29. Ke2 Rxc4 30. Rb6+ Rc6 31. Rb7 Ke6 32. Kd3 h5 33. g4 hxg4 34. hxg4 f5 35. gxf5+ gxf5 36. Rh7 Kd5 37. f3 Rb6 38. Rf7 f4 39. Ra7 Rb3+ 40. Ke2 Rb6 41. Kd3 Kc5 42. Re7 Rb3+ 43. Kd2 Re3 44. Re6 a5 45. Rh6 Rxf3 46. Rh1 Kb4 47. Ra1 Ra3 48. Re1 Re3 49. Ra1 e4 50. Rf1 Rf3 51. Re1 e3+ 52. Kd3 Rf2 53. Rb1+ Kxa4 54. Ra1+ Kb3 55. Rxa5 Rd2+ 56. Ke4 e2 {Kd4} 0-1

[Event "FRA-ch Youth 2017"]
[Site "Belfort"]
[Date "2017.04.22"]
[Round "8"]
[White "Yuan, Beline"]
[Black "Labrande, Eleonore"]
[Result "1/2-1/2"]
[ECO "A43"]
[WhiteElo "1845"]
[BlackElo "1635"]
[Annotator "NA"]
[PlyCount "76"]
[EventDate "2017.??.??"]
[EventCountry "FRA"]
[SourceTitle "playchess.com"]
[Source "ChessBase"]
[SourceQuality "1"]
[TimeControl "5400+30"]

1. d4 g6 2. c4 Bg7 3. Nc3 c5 4. d5 Bxc3+ 5. bxc3 f5 6. Nf3 Qa5 7. Qc2 Nf6 8. e3 {[%emt 0:01:21] A40: Unusual replies to 1 d4} d6 9. Bd3 {[%emt 0:03:28] LiveBook: 5 Games} Nbd7 10. h3 Ne5 $146 (10... Nb6 11. O-O Qa4 12. Qe2 Bd7 13. Nd2 O-O-O 14. Bb2 e5 15. dxe6 Bxe6 {0-1 (28) Balokas,D (1997)-Hess,R (2588) Chalkis 2010}) 11. Be2 O-O 12. O-O Ne4 13. Bb2 Bd7 14. a4 Rab8 15. Rfd1 Nxf3+ 16. gxf3 Nf6 17. f4 Ne4 18. Bd3 Qd8 19. Kh2 Nf6 20. Rg1 Nh5 21. Rg5 e5 $17 22. Rag1 Kh8 23. fxe5 dxe5 24. Be2 Nf6 25. f3 e4 26. f4 Qe8 27. Ra1 h6 28. Rg3 Nh7 29. h4 Qe7 30. Rh3 Rg8 31. Rg1 Rg7 32. Bd1 Nf6 33. Ba3 b6 34. Qd2 Ng4+ 35. Kh1 h5 36. Rg2 Qf6 37. Bb2 Be8 38. a5 bxa5 1/2-1/2

[Event "FRA-ch Youth 2017"]
[Site "Belfort"]
[Date "2017.04.22"]
[Round "8"]
[White "Candelot, Clement"]
[Black "Maugenest, Ghislain"]
[Result "1/2-1/2"]
[ECO "C06"]
[WhiteElo "1839"]
[BlackElo "1915"]
[Annotator "NA"]
[PlyCount "87"]
[EventDate "2017.??.??"]
[EventCountry "FRA"]
[SourceTitle "playchess.com"]
[Source "ChessBase"]
[SourceQuality "1"]
[TimeControl "5400+30"]

1. e4 e6 2. d4 d5 3. Nd2 Nf6 4. e5 Nfd7 5. Bd3 c5 6. c3 Nc6 7. Ne2 cxd4 8. cxd4 f6 9. exf6 Nxf6 10. Nf3 Bd6 11. Bf4 {[%emt 0:00:59] LiveBook: 68 Games} Qa5+ 12. Bd2 {[%emt 0:03:20] C06: French Tarrasch: 3...Nf6 4 e5 Nfd7 5 Bd3 main lines} (12. Qd2 Qxd2+ 13. Kxd2 Bxf4+ 14. Nxf4 O-O 15. Ne2 Ng4 16. Rhf1 e5 17. dxe5 Ngxe5 18. Nxe5 Nxe5 19. Rae1 Nxd3 20. Kxd3 {½-½ (35) Obolenskikh,D (2540)-Volkov,S (2612) Pavlodar 2015}) 12... Qc7 13. Bg5 $146 (13. O-O O-O 14. Ng3 Bd7 15. Re1 Rae8 16. a3 e5 17. dxe5 Nxe5 18. Nxe5 Bxe5 19. Rc1 Qb6 20. Be3 Qxb2 21. Re2 Qxa3 22. Bc5 {1-0 (38) Zierk,S (2493)-Orlov,G (2475) chess.com INT 2017}) 13... O-O 14. Bh4 Bb4+ 15. Kf1 e5 16. dxe5 Nxe5 17. Rc1 Qe7 18. Nf4 Qd6 19. Bg3 Nxf3 20. Qxf3 $4 (20. gxf3 $11 {and White stays safe.} Qd7 21. a3) 20... Bg4 21. Qe3 d4 22. Bc4+ Kh8 23. Qd3 Qd7 24. a3 Ba5 25. f3 $2 (25. Bb5 $17 {was necessary.} Rac8 26. Rb1 (26. Rxc8 $2 Qxc8 27. Qb1 Qc5 $19)) 25... Bf5 26. Qd1 b5 27. Bd3 Nd5 28. Nxd5 Qxd5 29. Bxf5 Rxf5 30. Qd3 Rff8 31. b4 Bb6 32. Be1 Rac8 33. Bd2 Rxc1+ 34. Bxc1 Re8 35. Kf2 Qa2+ 36. Kg3 Re2 37. Rg1 Qe6 38. Bf4 Qg6+ 39. Qxg6 hxg6 40. Rd1 Kg8 41. Rd2 Re6 42. Kg4 Kf7 43. Bg3 Re3 44. Bf2 $11 1/2-1/2

[Event "FRA-ch Youth 2017"]
[Site "Belfort"]
[Date "2017.04.22"]
[Round "8"]
[White "Poulet, Benoit"]
[Black "Cohen Revivo, Shoham"]
[Result "0-1"]
[ECO "C11"]
[WhiteElo "1837"]
[BlackElo "2221"]
[Annotator "NA"]
[PlyCount "98"]
[EventDate "2017.??.??"]
[EventCountry "FRA"]
[SourceTitle "playchess.com"]
[Source "ChessBase"]
[SourceQuality "1"]
[TimeControl "5400+30"]

1. e4 e6 2. d4 d5 3. Nc3 Nf6 4. Bg5 dxe4 5. Nxe4 Be7 6. Bxf6 gxf6 7. Nf3 f5 8. Nc3 a6 {[%emt 0:00:05] C13: French: Classical System: 4 Bg5 Be7, Alekhine-Chatard Attack} 9. Qd2 (9. Qe2 b5 10. O-O-O b4 11. Na4 Qd5 12. Kb1 Nd7 13. Qe3 Bb7 14. b3 Qe4 15. Qd2 Rg8 16. Rg1 {1-0 (70) Smirin,I (2670)-Gupta,A (2645) Moscow 2017}) 9... Qd6 10. Bc4 b5 11. Bb3 Nd7 12. O-O-O c5 13. dxc5 Qxd2+ 14. Rxd2 Nxc5 15. Rf1 $146 (15. Kb1 Rg8 16. Rg1 {0-1 (23) Sameir,R (2070)-Ali Marandi,C (2473) Dubai 2016}) 15... Bb7 16. Ne1 Bf6 17. Ne2 Rc8 18. Kb1 Ke7 19. f3 a5 20. c3 Rhd8 21. Rxd8 Rxd8 22. Bc2 b4 23. cxb4 axb4 24. Rf2 Ba6 25. Nc1 f4 26. g3 h5 ({Don't do} 26... fxg3 27. hxg3 Rg8 28. Ned3 Bxd3 29. Bxd3) 27. Ng2 fxg3 28. hxg3 Rg8 29. Nf4 Rxg3 30. Nxh5 Rg1 31. Nxf6 {[%emt 0:00:32] [#]} Nd3 $1 ({Less strong is} 31... Kxf6 32. Rd2 $17) 32. Ng8+ Kf8 33. Bxd3 Bxd3+ $19 34. Rc2 Kxg8 35. b3 Kg7 36. Kb2 Bxc2 37. Kxc2 Rg2+ 38. Kd3 Kf6 39. Ke3 Rc2 40. Nd3 Rxa2 41. Nxb4 Rb2 42. Nd3 Rxb3 43. Ke2 Kf5 44. Ke3 Rxd3+ 45. Kxd3 Kf4 46. Ke2 f5 47. Kf2 e5 48. Kg2 Ke3 49. Kg3 f4+ 0-1

[Event "FRA-ch Youth 2017"]
[Site "Belfort"]
[Date "2017.04.22"]
[Round "8"]
[White "Bellahcene, Anissa"]
[Black "Retailleau, Elise"]
[Result "1-0"]
[ECO "B22"]
[WhiteElo "1806"]
[BlackElo "1946"]
[Annotator "NA"]
[PlyCount "61"]
[EventDate "2017.??.??"]
[EventCountry "FRA"]
[SourceTitle "playchess.com"]
[Source "ChessBase"]
[SourceQuality "1"]
[TimeControl "5400+30"]

1. e4 c5 2. c3 d5 3. exd5 Qxd5 4. Na3 {[%emt 0:00:10] B22: Sicilian: 2 c3} (4. d4 e6 5. Nf3 Nf6 6. Na3 Qd8 7. Nc4 Be7 8. Bd3 Nbd7 9. O-O O-O 10. Bf4 b6 11. Nd6 Nh5 12. Be5 Nxe5 13. dxe5 Bxd6 14. exd6 Bb7 15. Re1 Nf6 16. Ne5 g6 17. Bb5 Qc8 {½-½ (61) Adhiban,B (2653)-Van Wely,L (2695) Wijk aan Zee 2017}) 4... Nf6 5. Nf3 Nc6 6. Bc4 Qe4+ 7. Qe2 $146 (7. Be2 $1 $14 Bg4 8. O-O O-O-O 9. Re1 Qd5 10. Nc2 e5 11. Ne3 Qd7 12. Nxg4 Nxg4 {1-0 (47) Michalczak,T (2367)-Barskij,A (2000) Dortmund 2010}) 7... Bg4 8. Bxf7+ Kxf7 9. Ng5+ Kg6 10. Qxe4+ Nxe4 11. Nxe4 Bf5 12. f3 Ne5 13. d4 cxd4 14. cxd4 Nc6 15. Be3 Rd8 16. Rd1 e5 17. Nc2 b6 18. Ke2 Bd6 (18... exd4 $142 19. Nxd4 Nxd4+ 20. Rxd4 Rxd4 21. Bxd4 Bb4) 19. d5 Ne7 20. g4 Bc8 {[%emt 0:01:05] [#]} 21. Bg5 $1 Rd7 22. Nxd6 $18 Kxg5 23. Nf7+ Kf6 24. Nxh8 Nxd5 25. Kf2 Rc7 26. Ne3 Nxe3 27. Kxe3 Rc2 28. Rc1 Rxc1 29. Rxc1 Be6 30. Rc6 Ke7 31. Rc7+ 1-0

[Event "FRA-ch Youth 2017"]
[Site "Belfort"]
[Date "2017.04.22"]
[Round "8"]
[White "Aubert, Estee"]
[Black "Djidjeli, Sarah"]
[Result "1-0"]
[ECO "D00"]
[WhiteElo "1741"]
[BlackElo "1934"]
[Annotator "NA"]
[PlyCount "105"]
[EventDate "2017.??.??"]
[EventCountry "FRA"]
[SourceTitle "playchess.com"]
[Source "ChessBase"]
[SourceQuality "1"]
[TimeControl "5400+30"]

1. d4 d5 2. Bf4 c5 3. e3 Nc6 4. c3 Qb6 5. Na3 {[%emt 0:12:06] D00: 1 d4 d5: Unusual lines} (5. Qb3 c4 6. Qc2 Nf6 7. Nd2 Nh5 8. Bg3 Nxg3 9. hxg3 e6 10. e4 Bd7 11. Be2 g6 12. Bf3 Ne7 {0-1 (55) Grachev,B (2683)-Potkin,V (2647) Khanty-Mansiysk 2013}) 5... c4 $146 (5... cxd4 6. exd4 e5 7. dxe5 Bxa3 8. bxa3 Nge7 9. Nf3 Ng6 10. Bg3 Qa5 11. Qd2 O-O 12. Be2 Re8 {½-½ (22) Foglia,M (2135)-Sbarra,M (2236) Saint Vincent 2008}) 6. Qc1 Bf5 7. Nf3 h6 8. Be2 Nf6 9. h3 e6 10. Nc2 Be7 11. Bh2 Qa5 12. O-O O-O 13. Nce1 b5 14. b4 {[%emt 0:08:05] [#]} Qb6 $1 15. a4 a5 16. axb5 Qxb5 17. bxa5 Nxa5 18. Nd2 Qb7 19. Nef3 Nb3 20. Qb2 Ne4 21. Nxe4 Bxe4 22. Nd2 Bg6 23. e4 Ba3 24. Rxa3 Rxa3 25. Bd6 Ra7 26. Bxf8 Nxd2 27. Qxd2 Kxf8 28. exd5 exd5 29. Bf3 Ra6 30. Re1 f6 31. Qe2 Rb6 32. Kh2 Bf7 33. g3 Rb3 34. Qe3 Qa7 35. Bxd5 g5 36. Bxc4 Rb7 37. Bxf7 Rxf7 38. c4 Qc7 39. c5 h5 40. Kg2 h4 (40... Qb7+ $142 41. Qf3 Qxf3+ 42. Kxf3 Rc7) 41. Qe4 hxg3 42. fxg3 Qa5 43. Re2 Kg8 44. c6 Qb6 45. d5 f5 46. Qe8+ Kg7 47. Qe5+ Kg8 48. Rb2 Qc5 49. Rb8+ Rf8 50. Qe6+ Kg7 51. Rb7+ Kh8 52. Qe5+ Kg8 53. Qg7# 1-0

[Event "FRA-ch Youth 2017"]
[Site "Belfort"]
[Date "2017.04.22"]
[Round "8"]
[White "Mata, Maria"]
[Black "Leriche, Ines"]
[Result "0-1"]
[ECO "B10"]
[WhiteElo "1717"]
[BlackElo "2037"]
[Annotator "NA"]
[PlyCount "74"]
[EventDate "2017.??.??"]
[EventCountry "FRA"]
[SourceTitle "playchess.com"]
[Source "ChessBase"]
[SourceQuality "1"]
[TimeControl "5400+30"]

1. e4 c6 2. Nc3 d5 3. Nf3 Nf6 {[%emt 0:00:24] B11: Caro-Kann: Two Knights Variation} (3... dxe4 4. Nxe4 Nf6 5. Nxf6+ exf6 6. d4 Bd6 7. Be2 O-O 8. O-O Re8 9. c4 Nd7 10. Bd3 Nf8 11. h3 Ng6 12. Qc2 Qa5 13. c5 Bb8 14. Bd2 Qd8 15. Rfe1 Be6 16. Bc4 Nf8 {0-1 (47) Nepomniachtchi,I (2767)-Carlsen,M (2840) Doha 2016}) 4. Qe2 d4 5. Nb1 Bg4 6. d3 Nbd7 $146 (6... e5 7. h3 Be6 8. Nbd2 Qc7 9. g3 Be7 10. Bg2 O-O 11. O-O {½-½ (28) Pires,G (2098)-Gomes,B (2262) Porto 2015}) 7. Nbd2 e5 8. h3 Bxf3 9. Nxf3 Bb4+ 10. Nd2 O-O 11. g3 Qc7 12. Bg2 b5 13. O-O c5 14. f4 Rac8 15. Nf3 Nh5 16. Nxe5 (16. Qd1 $15) 16... Nxg3 17. Qg4 Nxf1 18. Nxd7 f5 19. Qe2 Qxd7 20. Qxf1 c4 21. e5 Rc7 22. a3 Ba5 23. b4 cxb3 24. cxb3 Rc2 25. b4 Bb6 26. Rb1 Rfc8 27. Qd1 Qf7 28. Qf1 Qa2 29. Bb2 Rxb2 30. Bd5+ Qxd5 31. Rxb2 Qc6 32. Kh2 Qc1 33. Qxc1 Rxc1 34. Rb3 Rc3 35. Rb2 Rxd3 36. a4 bxa4 37. Ra2 $19 a3 0-1

[Event "FRA-ch Youth 2017"]
[Site "Belfort"]
[Date "2017.04.22"]
[Round "8"]
[White "Georges, Lisa"]
[Black "Lomandong Noela-Joyce"]
[Result "0-1"]
[ECO "B75"]
[WhiteElo "1704"]
[BlackElo "1987"]
[Annotator "NA"]
[PlyCount "130"]
[EventDate "2017.??.??"]
[EventCountry "FRA"]
[SourceTitle "playchess.com"]
[Source "ChessBase"]
[SourceQuality "1"]
[TimeControl "5400+30"]

1. e4 c5 2. Nf3 d6 3. d4 cxd4 4. Nxd4 Nf6 5. Nc3 g6 6. Be3 Bg7 7. f3 Nc6 8. Bc4 Bd7 9. Qd2 Ne5 10. Bb3 h5 (10... O-O $11) 11. O-O-O Rc8 12. h3 {[%emt 0:01:24] LiveBook: 5 Games B75: Sicilian Dragon: Yugoslav Attack, Miscellaneous} Qa5 13. f4 $146 (13. g4 b5 14. g5 b4 15. Nb1 Nh7 16. a3 Nc4 17. axb4 Qa1 18. Bxc4 Rxc4 19. c3 O-O {0-1 (38) Bericat,A (2606)-Puoli,H (2181) LADAC email 2006}) 13... Nc4 14. Bxc4 Rxc4 15. Nb3 Qc7 16. Bd4 e5 17. Bf2 (17. Bxa7 $11 Nxe4 18. Nxe4 Rxe4 19. Qxd6 Qxd6 20. Rxd6) 17... Rxc3 18. Qxc3 Qxc3 19. bxc3 Nxe4 20. Bxa7 Bh6 21. Kb2 Bxf4 22. Rhe1 f5 23. c4 Bg3 (23... Be6 $17 {Threatens to win with ...Kf7.} 24. Rxe4 fxe4 25. Rxd6 Bf5) 24. Re2 Bc6 25. Nd2 Ke7 26. Nxe4 Bxe4 27. Bb6 Rc8 28. Kb3 Bf4 29. Rg1 Ke6 30. Be3 g5 31. Bb6 Bg3 32. Be3 Bf4 33. Bb6 Rc6 34. Bf2 h4 35. Be1 Rb6+ 36. Kc3 d5 37. cxd5+ Bxd5 38. Bd2 Rc6+ $19 ({Weaker is} 38... Bxa2 39. Bxf4 gxf4 40. Ra1 Rc6+ 41. Kb2 $17) 39. Kb2 Rb6+ 40. Kc3 Rc6+ 41. Kb2 Ra6 42. a3 Rb6+ 43. Kc3 Rc6+ 44. Kb2 e4 45. Rd1 Be5+ 46. c3 f4 47. Rde1 Kf5 48. Rc1 Rb6+ 49. Ka1 Rb3 50. Rc2 Rxa3+ 51. Kb2 Rb3+ 52. Kc1 Bc4 53. Re1 e3 54. Bxe3 fxe3 55. Rxe3 Bf4 56. Kd2 Bf1 57. Ke1 Rb1+ 58. Kf2 Bc4 59. Ree2 Bxe2 60. Kxe2 Be5 61. c4 Rb3 62. c5 Rg3 63. Kf1 Rc3 64. Rb2 Rc1+ 65. Ke2 Bxb2 0-1

[Event "FRA-ch Youth 2017"]
[Site "Belfort"]
[Date "2017.04.22"]
[Round "8"]
[White "Randrianarimanana, Alicia"]
[Black "Gospodaru, Teodora"]
[Result "0-1"]
[ECO "B08"]
[WhiteElo "1636"]
[BlackElo "1827"]
[Annotator "NA"]
[PlyCount "110"]
[EventDate "2017.??.??"]
[EventCountry "FRA"]
[SourceTitle "playchess.com"]
[Source "ChessBase"]
[SourceQuality "1"]
[TimeControl "5400+30"]

1. d4 Nf6 2. Nf3 g6 3. Nc3 Bg7 4. e4 d6 5. h3 O-O 6. Be3 Nbd7 7. e5 {[%emt 0:00:26] B08: Pirc Defence: Classical System} (7. Bc4 Ne8 8. O-O c6 9. a4 d5 10. Bb3 dxe4 11. Nxe4 Nd6 12. Ng3 b6 13. Re1 Bb7 14. Bg5 Nf6 15. Qe2 {½-½ (104) Barua,D (2532)-Dzhumaev,M (2520) Pune 2004}) 7... dxe5 8. dxe5 Ne8 9. e6 fxe6 10. Ng5 Bxc3+ 11. bxc3 Ng7 12. Bc4 ({But not} 12. Qd4 Nf5 13. Qa4 Nb6 14. Bxb6 cxb6 $11) 12... Ne5 $146 (12... Nb6 13. Bb3 Nd5 14. Bd4 Qd6 {1-0 (57) Naundorf,M (2075)-Schultz,B (1717) Dortmund 2005}) 13. Bb3 Qxd1+ 14. Rxd1 Nc6 15. O-O b6 16. Rfe1 h6 17. Nf3 Kh7 (17... Rxf3 $11 18. gxf3 Ne5) 18. Bc1 Na5 19. Nd4 Rd8 20. Nb5 Rxd1 21. Rxd1 a6 22. Nd4 $2 (22. Nxc7 $16 {stays on course.} Ra7 23. Bf4) 22... c5 23. Nf3 c4 24. Ba3 cxb3 25. cxb3 Nc6 26. Nd4 Nxd4 27. Rxd4 Nf5 28. Rd8 b5 29. g4 Nd6 30. Bxd6 exd6 31. Rxd6 Ra7 32. Rc6 Bd7 33. Rd6 Kg7 34. Kf1 Kf6 35. h4 Ke7 36. Rd3 Bc6 37. g5 h5 38. Rd4 e5 39. Rd2 Rd7 40. Ke2 Rxd2+ 41. Kxd2 Ke6 42. Kd3 Kd5 43. f3 Kc5 44. Ke3 a5 45. f4 exf4+ 46. Kxf4 Bd7 47. Ke3 Bf5 48. Kf4 Bb1 49. a3 Bc2 50. c4 Bxb3 51. Ke3 bxc4 52. Kd2 Kd4 53. Kc1 Ke4 54. Kb2 a4 55. Kc3 Kf4 0-1

[Event "FRA-ch Youth 2017"]
[Site "Belfort"]
[Date "2017.04.22"]
[Round "8"]
[White "Sumarriva Paulin, Laura"]
[Black "Favarel-Lubeigt, Helina"]
[Result "1/2-1/2"]
[ECO "D80"]
[WhiteElo "1521"]
[BlackElo "1537"]
[Annotator "NA"]
[PlyCount "72"]
[EventDate "2017.??.??"]
[EventCountry "FRA"]
[SourceTitle "playchess.com"]
[Source "ChessBase"]
[SourceQuality "1"]
[TimeControl "5400+30"]

1. d4 Nf6 2. c4 g6 3. Nc3 d5 4. Bg5 Bg7 5. Bxf6 Bxf6 6. Nxd5 Bg7 7. e3 c6 8. Nc3 c5 9. Nf3 Nc6 10. d5 Ne5 11. Nxe5 Bxe5 12. Qd2 b6 13. Bd3 Bb7 14. Rc1 O-O 15. O-O Qd6 16. f4 Bg7 17. a3 Rad8 18. Nb5 Qd7 19. e4 a6 20. Nc3 Bh6 21. Qf2 e5 22. Ne2 exf4 23. Qh4 Bg7 24. Rc2 Qd6 25. Qxf4 Be5 26. Qh6 Bg7 27. Qh3 Bc8 28. Qf3 Rde8 29. Nc3 Re5 30. Nb1 Rh5 31. g3 Bd4+ 32. Kh1 Rh3 33. Re1 Be5 34. Bf1 Rh5 35. Kg1 Rg5 36. Kh1 Qd8 1/2-1/2

[Event "FRA-ch Youth 2017"]
[Site "Belfort"]
[Date "2017.04.22"]
[Round "8"]
[White "Marcenac, Delphine"]
[Black "Bellahcene, Meriem"]
[Result "1/2-1/2"]
[ECO "B24"]
[WhiteElo "1452"]
[BlackElo "1919"]
[Annotator "NA"]
[PlyCount "166"]
[EventDate "2017.??.??"]
[EventCountry "FRA"]
[SourceTitle "playchess.com"]
[Source "ChessBase"]
[SourceQuality "1"]
[TimeControl "5400+30"]

1. e4 c5 2. Nc3 Nc6 3. Bb5 Nd4 4. Bc4 g6 5. d3 Bg7 6. Nf3 Nh6 7. Nxd4 cxd4 8. Qf3 O-O 9. Ne2 Qb6 {[%emt 0:18:52] B23: Closed Sicilian: Lines without g3} 10. Bb3 e6 $146 (10... d6 11. Qg3 Kh8 12. O-O Ng8 13. Bd2 Be6 14. Bxe6 fxe6 15. b3 Rac8 16. Rac1 Qb5 17. Qh3 {1-0 (60) Gordievsky,D (2439)-Oparin,G (2550) Kolomna 2014}) 11. Qg3 f5 {[%emt 0:05:01] [#]} 12. e5 (12. h4 $1 $16) 12... Ng4 13. f4 d6 14. h3 Nh6 15. exd6 Qxd6 16. O-O Nf7 17. Bd2 b5 18. a4 b4 19. Rae1 a5 20. Qf2 Bb7 21. Ng3 Bd5 22. Bxd5 Qxd5 23. b3 Rac8 24. Bc1 Rc6 25. Re2 Rfc8 26. Rfe1 Nd8 27. Bb2 Qd7 28. Kf1 {[%emt 0:02:10] [#]} (28. Nf1 $11 {remains equal.}) 28... Nf7 (28... e5 $1 $17 ) 29. Kg1 Qd5 30. Nf1 e5 31. fxe5 Bxe5 32. Nh2 Qd6 33. Nf3 Bg3 $2 (33... Rc5 34. Bxd4 (34. Nxe5 Rxe5 35. Qxd4 Qxd4+ 36. Bxd4 Rxe2 37. Rxe2 Rb8 $18) 34... Bxd4 35. Nxd4 (35. Qxd4 Qxd4+ 36. Nxd4 Rd5 $16) 35... Re5 36. Rxe5 Nxe5 37. Nxf5 Qf6) 34. Re8+ Kg7 35. Qxd4+ Qxd4+ 36. Bxd4+ Kh6 37. Rxc8 Rxc8 38. Re2 Bc7 39. Bb2 Bb6+ 40. d4 Kg7 41. Kf1 $16 Kf8 42. Ke1 Re8 43. Rxe8+ Kxe8 44. Ke2 Ke7 45. Kd3 Nd6 46. Nd2 Bc7 47. Nc4 Ne4 48. d5 Nf2+ 49. Kd4 Ne4 50. Bc1 Kd7 51. Bh6 Bd8 52. Bg7 Bc7 53. Ne5+ Ke7 54. Nc6+ Kd7 55. Be5 Bb6+ 56. Kc4 Nd6+ 57. Bxd6 Kxd6 58. Kb5 Be3 59. Nxa5 Kxd5 60. Nc6 f4 61. Nxb4+ Ke4 62. a5 g5 63. a6 h5 64. Nd3 Ba7 65. Kc4 f3 66. gxf3+ Kxf3 67. Ne5+ Kg3 68. Nf7 Kf4 69. Kd3 g4 70. hxg4 hxg4 71. Ke2 g3 72. Ng5 Kxg5 73. Kf3 Bf2 74. a7 Bxa7 75. Kxg3 Kf5 76. Kf3 Ke5 77. Ke2 Bb6 78. Kd3 Kd5 79. Kc3 Kc5 80. b4+ Kb5 81. Kb3 Kc6 82. c4 Bd4 83. Ka4 Kb6 1/2-1/2

[Event "FRA-ch Youth 2017"]
[Site "Belfort"]
[Date "2017.04.23"]
[Round "9"]
[White "Zachary, Matheo"]
[Black "Defromont, Benjamin"]
[Result "1-0"]
[ECO "C06"]
[WhiteElo "2267"]
[BlackElo "1946"]
[Annotator "NA RC"]
[PlyCount "89"]
[EventDate "2017.??.??"]
[EventCountry "FRA"]
[SourceTitle "playchess.com"]
[Source "ChessBase"]
[SourceQuality "1"]
[TimeControl "5400+30"]

1. e4 e6 2. d4 d5 3. Nd2 Nf6 4. e5 Nfd7 5. Bd3 c5 6. c3 Nc6 7. Ne2 cxd4 8. cxd4 f6 9. exf6 Nxf6 ({Of course not} 9... gxf6 $6 10. O-O $16) 10. Nf3 Bd6 11. O-O O-O 12. Bf4 Bxf4 13. Nxf4 Qd6 {[%emt 0:02:44] [#]} 14. g3 $1 e5 15. dxe5 {[%emt 0:00:04] C06: French Tarrasch: 3...Nf6 4 e5 Nfd7 5 Bd3 main lines} Nxe5 16. Nxe5 Qxe5 17. Qb3 {[%emt 0:00:22] LiveBook: 12 Games} Bd7 18. Rfe1 Qd6 19. Bf1 $146 (19. Rad1 Bc6 20. Re6 Qc5 21. Qc2 Qxc2 22. Bxc2 Rae8 {½-½ (61) Timman,J (2590)-Kuijf,M (2470) Hilversum 1987}) 19... Bc6 20. Bg2 Rfe8 21. Red1 Rad8 22. Rd4 Kh8 23. Rad1 Re5 24. h4 Qe7 25. Nd3 Re6 26. Bf3 Qd6 27. Kg2 Re7 28. Nf4 Re5 29. Kh2 Kg8 30. Qd3 Kh8 $1 31. Nh3 Be8 32. Nf4 (32. Kg2 $14) 32... Bc6 33. Kg2 Qd7 34. Qa3 a6 35. Qa5 Kg8 $14 36. R1d2 Kh8 ({But not} 36... Re1 $2 37. Rxd5 (37. Nxd5 Rf8 38. R2d3 Qe6 $18) 37... Bxd5 38. Rxd5 Nxd5 39. Bxd5+ Kh8 40. Qxe1 $18) 37. b4 Kg8 38. a4 Rde8 {[%emt 0:04:06] [#]} (38... Re1 {[#]} 39. b5 $1 (39. Nxd5 Rf8 40. Nxf6+ Rxf6 41. Bd5+ Bxd5+ 42. Rxd5 Qc6 $16) 39... axb5 40. axb5 $18 (40. Nxd5 Rf8 $16)) ({Better is} 38... Rf8 $14) 39. b5 $1 ({Much weaker is} 39. Nxd5 $6 Nxd5 40. Rxd5 (40. Bxd5+ $2 Rxd5 41. Rxd5 Re5 $19) 40... Bxd5 41. Rxd5 Rxd5 42. Qxd5+ Qxd5 43. Bxd5+ Kf8 $11) 39... axb5 40. axb5 Bxb5 41. Nxd5 Nxd5 $4 (41... Qc6 $16 {is more resistant.}) 42. Rxd5 ({Worse is} 42. Bxd5+ Rxd5 43. Rxd5 Bf1+ 44. Kf3 (44. Kg1 $2 Qh3 45. f4 Qxg3+ 46. Kh1 Qf3+ 47. Kg1 Qg3+ 48. Kh1 Qe1 $19) 44... Qe6 $11) 42... Bc6 (42... Qc6 $142 43. Rxe5 Rxe5 44. Rd8+ (44. Bxc6 Bxc6+ 45. Rd5 Rxd5 $16) 44... Kf7) 43. Rxe5 ({Not} 43. Rxd7 Bxf3+ 44. Kxf3 Rxa5 $16) 43... Bxf3+ 44. Kxf3 Rxe5 45. Qxe5 1-0